AoeStats
← 吴花肉

MegaRandom

506611816Analyzed
1v1 RM · 18d ago on Sep 14, 2026· 28m 51s· 2 players
Game mode
Random Map
Map size
Tiny (2 player)
Population
200
Speed
Normal
Resources
Standard
Victory
Conquest
Starting age
Dark Age
Ending age
Imperial Age
RankedLock teamsTeams togetherTeam positionsShared explorationLock speedFull tech treeHidden civsTurbo modeCheats
Victory
Defeat
🇩🇪 Jurchens · Germany
1056
+16
🇨🇳 Turks · China
1061
-16
fanalhb
4:08 Loom
15:09 Feudal Age
15:48 Double-Bit Axe
24:22 Castle Age
22:26 Gold Mining
23:29 Bloodlines
24:52 Pikeman
25:33 Squires
26:07 Husbandry
28:06 Forging
吴花肉
12:26 Feudal Age
19:57 Man-at-Arms
24:33 Castle Age
27:33 Forging
27:24 Scale Mail Armor
27:30 Scale Barding Armor
Connection lost

Rejoining the realm…

Still unreachable

The connection could not be restored.

Session expired

The server has moved on; the page needs a fresh start.